Map: Efflorescence LE

Players

Veleno

  • Race: Terran Terran
  • League: Gold
  • Spawn Location: 3:00

Dodi

  • Race: Protoss Protoss
  • Spawn Location: 12:00

qqq

  • Race: Terran Terran
  • Spawn Location: 9:00

Massa

  • Race: Terran Terran
  • League: Platinum
  • Spawn Location: 6:00

VOD

Have the link to the VOD?

Description

Time

  • Played on: Nov. 8, 2020, 9:53 a.m.
  • Length: 18:07
Show
View Real Time Build Order
Export as new Build Order

Veleno Terran 

Build Orders:  

Get SALT Encoding   

  12  0:00  SCV  
  13  0:12  SCV  
  14  0:19  Supply Depot  
  14  0:24  SCV  
  15  0:31  Refinery  
  15  0:41  SCV  
  16  0:47  Barracks  
  16  0:53  SCV  
  17  1:04  Supply Depot  
  17  1:05  SCV  
  18  1:18  SCV  
  19  1:24  Refinery  
  19  1:30  SCV  
  20  1:33  Barracks  
  20  1:42  SCV  
  20  1:46  Marine  
  22  1:54  SCV  
  23  2:04  Factory  
  23  2:06  SCV, Marine  
  25  2:17  Supply Depot  
  25  2:18  SCV  
  25  2:19  Marine  
  27  2:25  Marine  
  28  2:30  SCV  
  29  2:49  Marine  
  31  2:58  Factory Tech Lab  
  31  3:00  Barracks Reactor  
  31  3:05  Starport  
  30  3:07  Marine  
  30  3:08  Engineering Bay  
  31  3:13  Supply Depot  
  31  3:24  Marine, Siege Tank  
  31  3:40  Marine x2  
  31  3:42  Marine  
  30  3:51  SCV  
  30  4:00  Marine  
  31  4:03  SCV  
  32  4:11  Marine x2  
  32  4:15  SCV  
  35  4:18  Marine  
  36  4:27  SCV  
  36  4:29  Marine  
  38  4:57  Medivac  
  40  5:01  Medivac  
  40  5:02  Command Center  
  40  5:06  SCV  
  43  5:20  Terran Infantry Weapons Level 1  
  43  5:21  SCV  
  44  5:50  Orbital Command  
  44  6:06  Siege Tank  
  47  6:13  Supply Depot  
  47  6:14  Liberator  
  47  6:18  SCV  
  51  6:24  Refinery  
  51  6:30  SCV  
  52  6:36  Supply Depot  
  52  6:42  SCV  
  53  6:54  SCV  
  54  7:04  Missile Turret  
  54  7:06  SCV  
  55  7:14  Siege Tank  
  58  7:18  SCV  
  59  7:28  Missile Turret  
  59  7:30  SCV  
  59  7:31  SCV  
  61  7:42  SCV  
  61  7:43  SCV, Sensor Tower  
  63  7:49  Terran Infantry Armor Level 1  
  63  7:55  SCV x2  
  65  7:59  Armory  
  65  8:03  Refinery  
  65  8:07  SCV x2  
  67  8:17  Widow Mine  
  67  8:19  SCV x2  
  67  8:31  SCV x2  
  67  8:32  Liberator x2  
  67  8:33  Sensor Tower  
  74  8:39  Widow Mine  
  75  8:43  SCV x2  
  77  8:55  SCV  
  78  8:59  Sensor Tower  
  78  9:14  Terran Vehicle Weapons Level 1  
  78  9:34  SCV x2, Marine x2, Siege Tank  
  78  9:35  Command Center  
  85  9:46  SCV  
  85  9:51  Sensor Tower  
  86  10:09  Missile Turret  
  86  10:12  SCV, Marine x2  
  86  10:24  SCV  
  82  10:30  Marine x2  
  82  10:31  Missile Turret  
  73  10:48  Marine x2, Siege Tank  
  78  10:51  Liberator x2  
  82  10:58  Missile Turret  
  82  11:05  Marine x2  
  84  11:16  Missile Turret  
  83  11:20  Siege Tank  
  83  11:23  Marine x2  
  88  11:34  Liberator, Viking  
  89  11:41  Marine x2  
  91  11:52  Siege Tank  
  94  11:59  Marine x2  
  91  12:17  Marine x2  
  84  12:24  Barracks  
  84  12:25  Barracks  
  84  12:30  Missile Turret  
  84  12:34  Marine x2  
  86  12:47  Hi-Sec Auto Tracking  
  85  12:58  Missile Turret  
  85  13:03  Factory  
  85  13:07  Refinery  
  85  13:10  Planetary Fortress  
  85  13:11  Terran Vehicle Weapons Level 2  
  85  13:15  Liberator x2  
  85  13:16  Siege Tank  
  94  13:20  Missile Turret  
  94  13:23  Refinery  
  85  13:44  Neosteel Armor  
  84  13:48  Siege Tank  
  84  13:58  Factory Tech Lab  
  84  14:00  Barracks Reactor x2  
  81  14:20  SCV, Siege Tank  
  83  14:32  SCV  
  84  14:39  Viking x2  
  84  14:41  Marine x2  
  84  14:44  SCV  
  94  14:52  Siege Tank  
  94  14:56  SCV  
  94  14:57  Thor  
  101  15:07  Supply Depot  
  101  15:13  Marine x6, Viking  
  109  15:24  Terran Infantry Weapons Level 2  
  109  15:29  SCV, Viking, Siege Tank  
  109  15:31  Marine x2  
  117  15:52  Sensor Tower  
  117  15:59  Sensor Tower  
  117  16:10  Missile Turret  
  117  16:11  Missile Turret x2  
  117  16:13  Missile Turret  
  117  16:29  Sensor Tower  
  117  16:46  Sensor Tower  
  117  16:54  Marine, Viking  
  117  17:05  Supply Depot  
  117  17:06  Supply Depot  
  117  17:07  Supply Depot  
  117  17:26  Marine x4, Viking x2  
  117  17:27  SCV, Marine  
  117  17:28  Marine  
  134  17:34  Armory, Engineering Bay  
  134  17:36  Missile Turret  
  134  17:39  SCV  
  135  17:44  Marine x3  
  135  17:45  Marine  
  133  17:51  SCV  
  133  17:56  Missile Turret  
Show
View Real Time Build Order
Export as new Build Order

Dodi Protoss 

Build Orders: Cannon Rush 

Get SALT Encoding   

  12  0:03  Probe  
  13  0:15  Probe  
  14  0:24  Pylon  
  14  0:27  Probe  
  15  0:42  Probe  
  16  0:51  Forge  
  16  0:54  Probe  
  17  1:13  Pylon  
  17  1:40  Photon Cannon  
  17  1:42  Photon Cannon  
  17  1:44  Photon Cannon  
  17  1:46  Photon Cannon  
  17  1:52  Probe  
  17  2:04  Probe (Chrono Boost)  
  19  2:16  Probe (Chrono Boost)  
  19  2:18  Assimilator  
  19  2:22  Probe (Chrono Boost), Assimilator  
  19  2:24  Gateway  
  20  2:30  Probe  
  21  2:39  Pylon  
  21  2:41  Pylon  
  21  2:43  Probe  
  22  2:44  Pylon  
  22  2:54  Photon Cannon  
  21  3:15  Photon Cannon  
  21  3:16  Photon Cannon  
  21  3:41  Photon Cannon  
  21  3:44  Photon Cannon  
  21  3:47  Pylon  
  14  4:29  Probe (Chrono Boost)  
  15  4:36  Cybernetics Core  
  16  4:38  Pylon  
  16  4:39  Probe (Chrono Boost)  
  16  4:43  Pylon  
  16  4:44  Probe (Chrono Boost)  
  16  4:47  Pylon  
  17  4:55  Probe  
  18  5:07  Probe (Chrono Boost)  
  19  5:17  Probe (Chrono Boost)  
  20  5:22  Probe (Chrono Boost)  
  21  5:34  Probe  
  22  5:36  Nexus  
  22  5:46  Probe  
  23  5:59  Probe, Stargate  
  23  6:03  Stargate  
  24  6:12  Probe  
  25  6:24  Probe  
  26  6:40  Assimilator  
  26  6:41  Void Ray  
  26  6:42  Void Ray  
  26  6:45  Assimilator  
  26  6:52  Probe (Chrono Boost)  
  35  6:57  Probe (Chrono Boost)  
  37  7:02  Probe (Chrono Boost)  
  37  7:04  Probe (Chrono Boost)  
  37  7:08  Probe (Chrono Boost)  
  39  7:09  Probe (Chrono Boost)  
  40  7:18  Probe, Void Ray  
  40  7:21  Probe  
  42  7:23  Void Ray  
  50  7:30  Probe  
  50  7:33  Probe  
  52  7:46  Probe  
  52  7:49  Probe  
  54  7:58  Probe  
  55  8:00  Pylon  
  55  8:01  Probe, Pylon  
  56  8:10  Probe  
  57  8:13  Probe  
  57  8:19  Fleet Beacon  
  58  8:22  Probe  
  59  8:51  Probe (Chrono Boost)  
  60  9:00  Probe (Chrono Boost)  
  61  9:04  Tempest  
  61  9:05  Tempest, Probe (Chrono Boost), Stargate  
  72  9:10  Stargate  
  72  9:16  Protoss Shields Level 1  
  72  9:21  Cybernetics Core  
  72  9:33  Nexus  
  72  9:35  Assimilator  
  72  9:39  Assimilator  
  72  9:49  Tempest  
  72  9:51  Tempest  
  82  10:18  Tempest  
  71  10:47  Unknown  
  66  10:59  Tempest x2  
  66  11:00  Tempest  
  76  11:52  Tempest x2  
  76  11:53  Tempest x2  
  96  12:07  Probe (Chrono Boost)  
  88  12:16  Probe (Chrono Boost)  
  88  12:18  Protoss Air Weapons Level 1  
  88  12:21  Probe (Chrono Boost)  
  89  12:33  Probe  
  90  12:45  Probe  
  91  12:57  Tempest x3  
  101  13:08  Pylon  
  101  13:09  Pylon  
  101  13:10  Pylon x2  
  101  13:13  Pylon x2  
  101  13:14  Pylon  
  101  13:15  Pylon  
  101  13:24  Probe (Chrono Boost)  
  97  13:32  Probe  
  93  13:44  Probe  
  89  13:56  Probe  
  85  14:08  Probe  
  81  14:23  Tempest x3  
  81  14:24  Tempest  
  96  15:06  Tempest x4  
  116  15:09  Twilight Council  
  110  16:03  Tempest  
  110  16:04  Tempest x3  
  130  16:24  Assimilator  
  130  16:30  Assimilator  
Show
View Real Time Build Order
Export as new Build Order

qqq Terran 

Build Orders:  

Get SALT Encoding   

  12  0:01  SCV  
  13  0:14  Supply Depot  
  13  0:18  SCV  
  14  0:28  Refinery  
  14  0:31  SCV  
  15  0:44  Barracks  
  15  0:53  Supply Depot  
  15  0:57  SCV  
  16  1:10  Refinery, SCV  
  17  1:23  SCV  
  18  1:35  SCV  
  18  1:38  Reaper  
  20  1:40  Barracks  
  20  1:47  SCV  
  21  2:05  SCV  
  22  2:09  Barracks  
  22  2:10  Reaper  
  23  2:17  SCV  
  25  2:30  SCV  
  25  2:31  Reaper  
  26  2:42  SCV, Reaper  
  28  3:03  Reaper  
  29  3:08  Reaper  
  30  3:14  Reaper  
  31  3:38  Reaper  
  30  3:48  Reaper  
  31  4:25  Reaper x2  
  31  4:35  Factory  
  31  4:43  Supply Depot  
  31  4:56  Command Center  
  31  5:05  Reaper x3  
  31  5:06  Supply Depot  
  33  5:22  SCV  
  34  5:29  Supply Depot  
  35  5:36  Marine  
  35  5:37  Reaper, Orbital Command  
  35  5:40  Command Center  
  37  5:43  Factory Tech Lab  
  37  5:52  Supply Depot  
  37  5:53  Barracks Reactor  
  37  5:57  Marine  
  37  6:05  Siege Tank  
  37  6:07  SCV  
  37  6:08  Marine  
  42  6:15  Supply Depot  
  42  6:19  SCV  
  42  6:23  Starport  
  43  6:27  SCV, Engineering Bay  
  43  6:31  SCV  
  45  6:39  SCV  
  46  6:43  SCV  
  47  6:49  Marine x3  
  47  6:50  Marine  
  47  6:52  SCV  
  52  6:55  SCV  
  52  7:00  Siege Tank  
  56  7:04  SCV  
  57  7:12  Missile Turret  
  57  7:16  SCV, Viking  
  57  7:18  SCV  
  57  7:21  SCV  
  62  7:28  SCV, Terran Infantry Weapons Level 1  
  63  7:33  Sensor Tower, Supply Depot  
  63  7:48  SCV x2  
  66  7:54  Orbital Command  
  66  7:57  Refinery  
  65  7:58  Refinery  
  64  8:17  Marine x2  
  57  8:43  Viking  
  57  8:46  Cyclone  
  62  8:55  Starport  
  62  9:00  Missile Turret  
  62  9:02  Missile Turret  
  62  9:04  Missile Turret  
  62  9:11  Marine x2  
  62  9:13  Barracks Reactor, SCV x2, Viking, Barracks Tech Lab  
  62  9:16  Planetary Fortress  
  68  9:18  Missile Turret  
  68  9:25  SCV x2  
  68  9:29  Marine x2  
  72  9:37  SCV x2  
  74  9:39  Missile Turret  
  74  9:43  Stimpack  
  74  9:47  Marine x2  
  74  9:48  Terran Infantry Armor Level 1  
  74  9:49  SCV x2  
  78  9:57  Missile Turret  
  78  10:00  Missile Turret  
  78  10:01  SCV  
  79  10:13  SCV  
  78  10:22  Missile Turret  
  63  10:37  Starport Reactor  
  63  10:38  Starport Tech Lab  
  61  10:57  Siege Tank  
  64  11:05  Liberator  
  64  11:10  Marauder, Marine x4  
  73  11:12  SCV  
  73  11:15  Refinery  
  73  11:17  Refinery  
  76  11:22  Combat Shield  
  76  11:24  SCV  
  75  11:27  Marine  
  75  11:28  Marine x3  
  75  11:29  Siege Tank  
  75  11:31  Marauder  
  84  11:35  Viking x2  
  84  11:36  SCV  
  89  11:41  Armory  
  89  11:42  Hi-Sec Auto Tracking  
  89  11:45  Marine x2  
  85  11:48  Viking  
  85  11:52  Marauder  
  89  12:01  Siege Tank  
  89  12:04  Viking  
  89  12:05  Marine, Viking  
  89  12:06  Marine x3  
  100  12:13  Marine  
  101  12:18  Viking  
  103  12:23  Marine x4  
  107  12:31  Marine  
  107  12:34  Terran Vehicle And Ship Armor Level 1  
  107  12:36  Fusion Core  
  108  12:39  Neosteel Armor  
  108  12:40  Supply Depot  
  108  12:41  Concussive Shells  
  108  13:01  Medivac, Viking x2  
  108  13:02  Supply Depot  
  110  13:28  Supply Depot  
  110  13:31  Viking x3  
  110  13:51  Supply Depot  
  70  14:07  Thor  
  70  14:09  Battlecruiser  
  82  14:13  Supply Depot  
  82  14:19  Terran Infantry Weapons Level 2  
  82  14:20  SCV  
  83  14:28  Terran Ship Weapons Level 1  
  83  14:32  SCV  
  83  14:37  Command Center, Supply Depot  
  84  14:39  Command Center  
  84  14:42  Viking x2  
  84  14:45  SCV  
  89  14:50  Thor  
  91  14:57  SCV  
  92  15:04  Weapon Refit  
  92  15:09  SCV  
  92  15:12  Viking  
  92  15:13  Battlecruiser  
  101  15:21  Viking  
  103  15:33  Thor  
  103  16:05  Viking  
  105  16:14  Viking  
  105  16:18  Battlecruiser  
  113  16:35  Marine x5, Medivac  
  113  16:37  SCV  
  121  16:43  Medivac  
  122  16:49  SCV  
  123  16:54  Sensor Tower  
  123  17:01  SCV  
  106  17:13  SCV  
  99  17:25  SCV  
Show
View Real Time Build Order
Export as new Build Order

Massa Terran 

Build Orders:  

Get SALT Encoding   

  12  0:00  SCV  
  13  0:12  SCV  
  14  0:18  Supply Depot  
  14  0:25  SCV  
  15  0:41  SCV, Barracks  
  16  0:50  Supply Depot  
  16  0:54  SCV  
  17  0:59  Refinery  
  17  1:06  SCV  
  18  1:11  Refinery  
  18  1:18  SCV  
  19  1:28  Marine  
  19  1:30  SCV  
  21  1:42  Orbital Command  
  21  2:08  Reaper  
  22  2:09  SCV  
  22  2:14  Factory  
  23  2:17  Barracks  
  23  2:21  SCV  
  24  2:38  Engineering Bay  
  24  2:40  Reaper  
  25  3:01  Factory Tech Lab  
  25  3:07  Missile Turret  
  25  3:09  Barracks Tech Lab  
  25  3:12  Marine  
  26  3:22  Siege Tank  
  29  3:28  Missile Turret  
  29  3:36  Barracks Reactor  
  29  3:37  Marauder  
  29  3:38  Stimpack  
  31  3:49  Missile Turret  
  30  4:13  Marauder  
  30  4:15  Supply Depot  
  31  4:17  Supply Depot  
  31  4:36  Marine x2  
  31  4:37  Marauder, Siege Tank  
  38  4:39  Supply Depot  
  38  4:43  Supply Depot  
  38  4:45  Command Center  
  38  5:04  Missile Turret  
  38  5:08  SCV  
  39  5:20  SCV  
  40  5:32  SCV  
  41  5:44  SCV  
  41  5:47  Marauder, Marine x2  
  46  5:53  Missile Turret  
  46  5:55  Missile Turret  
  46  5:57  Orbital Command  
  46  5:59  Combat Shield  
  46  6:05  Marine  
  46  6:07  Terran Infantry Weapons Level 1  
  46  6:09  Marauder  
  49  6:13  Missile Turret  
  49  6:16  Missile Turret  
  49  6:22  Sensor Tower  
  49  6:24  SCV  
  50  6:30  SCV, Marauder  
  53  6:36  SCV, Siege Tank  
  57  6:59  Marauder  
  57  7:01  Marine x2  
  60  7:03  SCV x2  
  60  7:07  Refinery  
  63  7:15  SCV x2  
  65  7:17  Concussive Shells  
  65  7:18  Marine  
  65  7:19  Marine  
  65  7:21  Marauder  
  69  7:25  Siege Tank  
  69  7:27  SCV x2  
  74  7:31  Starport  
  74  7:36  Marine x2  
  75  7:39  SCV x2  
  78  7:49  Supply Depot  
  78  7:50  Supply Depot  
  78  7:52  Supply Depot  
  78  7:55  Supply Depot  
  78  7:59  Supply Depot  
  78  8:02  Terran Infantry Armor Level 1  
  78  8:09  Starport Reactor  
  78  8:11  Cyclone, Marauder  
  78  8:12  Marine x2  
  85  8:17  SCV x2  
  87  8:25  Command Center  
  87  8:29  SCV  
  87  8:30  Refinery, SCV, Marine  
  87  8:33  Armory  
  90  8:43  Cyclone  
  90  8:45  Viking  
  90  8:48  Viking  
  97  9:11  SCV x2  
  97  9:15  Viking  
  101  9:23  Viking  
  102  9:36  Sensor Tower  
  102  9:45  Viking  
  104  9:53  Viking  
  104  9:55  Terran Infantry Weapons Level 2  
  99  10:15  Viking  
  100  10:23  Viking  
  98  10:54  Viking x2  
  102  11:24  Viking x2  
  103  11:36  Siege Tank  
  102  11:54  Viking  
  98  11:58  Marauder, Marine x2  
  104  12:01  Viking  
  104  12:08  Siege Tank  
  105  12:16  Marine x2  
  105  12:19  Marauder  
  109  12:24  Viking  
  107  12:31  Viking  
  107  12:34  Marine x2  
  111  12:41  Marauder  
  109  12:51  Marine  
  109  12:52  Marine  
  109  12:54  Viking  
  110  12:59  Siege Tank  
  110  13:01  Viking  
  110  13:02  Marauder  
  117  13:09  Marine  
  114  13:24  Marauder, Viking  
  118  13:31  Viking, Siege Tank  
  117  13:45  Marauder  
  110  13:54  Viking  
  112  14:01  Viking  
  114  14:03  Siege Tank  
  111  14:23  Terran Vehicle And Ship Armor Level 1  
  111  14:24  Viking  
  109  14:31  Viking  
  97  14:46  Thor  
  103  14:52  Starport  
  103  14:53  Viking  
  105  15:01  Starport, Viking  
  107  15:23  Viking  
  109  15:31  Viking  
  109  15:32  Medivac  
  113  15:53  SCV  
  114  15:58  Viking  
  114  16:01  Viking  
  114  16:02  Medivac  
  120  16:06  SCV  
  121  16:18  SCV  
  122  16:22  Barracks  
  122  16:28  Viking  
  122  16:30  SCV  
  125  16:33  Command Center  
  125  16:34  Missile Turret  
  125  16:35  Missile Turret  
  125  16:54  SCV, Missile Turret  
  125  17:11  Orbital Command  
  125  17:13  Supply Depot  
  125  17:14  Supply Depot  
  125  17:15  Supply Depot  
  125  17:35  Marauder, Viking x3  
  125  17:36  Supply Depot  
  136  17:37  Supply Depot  
  136  17:38  Supply Depot  
  136  17:39  Supply Depot  
  136  17:40  Supply Depot x3  
  136  17:41  Supply Depot  
Tags
 
Add a new tag
Caveats
  • Supply blocks, unpowered buildings, or Contaminate may cause inaccurate times.
  • Supply counts are checked every 10 seconds.